 Dungeon Crawl Stone Soup version 0.21-a0-426-g98080a9 (webtiles) character file.

1646 Dysjunc the Conjurer (level 8, 0/90 HPs)
             Began as a Gnoll Conjurer on Nov 5, 2017.
             Was an Initiate of Sif Muna.
             Succumbed to a gnoll's poison
             ... on level 5 of the Dungeon on Nov 6, 2017.
             The game lasted 00:35:44 (8363 turns).

Dysjunc the Conjurer (Gnoll Conjurer)               Turns: 8363, Time: 00:35:44

Health: 0/90       AC: 24    Str: 10    XL:     8   Next: 99%
Magic:  9/17       EV:  2    Int: 20    God:    Sif Muna [......]
Gold:   252        SH:  0    Dex: 18    Spells: 0/19 levels left

rFire    . . .     SeeInvis .   s - +1 dagger (drain)
rCold    . . .     Gourm    +   (no shield)
rNeg     + + +     Faith    .   (armour currently unavailable)
rPois    +         Spirit   .   (helmet currently unavailable)
rElec    .         Reflect  .   (cloak currently unavailable)
rCorr    .         Harm     .   (gloves currently unavailable)
MR       .....     NoTele   +   (boots currently unavailable)
Stlth    +++.......             t - amulet of the gourmand
HPRegen  0.25/turn              (no ring)
MPRegen  0.15/turn              (no ring)

@: lethally poisoned (0 -> -2), tree-form, very slightly contaminated, hasted,
invisible (expiring), very quick
A: distributed training, agile 1, strong nose
a: Renounce Religion


You were on level 5 of the Dungeon.
You worshipped Sif Muna.
Sif Muna was noncommittal.
You were not hungry.
You were a tree.
You visited 2 branches of the dungeon, and saw 7 of its levels.

You collected 252 gold pieces.

Inventory:

Hand Weapons
 d - a +0 dagger
 s - a +1 dagger of draining (weapon)
 y - a +1 shortbow of freezing
Missiles
 e - 137 stones (quivered)
 m - 18 poisoned needles
 w - 131 arrows
Armour
 a - a +0 robe (melded)
 c - a +0 helmet (melded)
 v - a +2 large shield
Jewellery
 t - an amulet of the gourmand (around neck)
Wands
 q - a wand of iceblast (11/15)
Scrolls
 f - 3 scrolls of remove curse
 i - a scroll of magic mapping
 j - a scroll of enchant weapon
 o - a scroll of teleportation
 r - 2 scrolls of identify
Potions
 p - a potion of flight
Books
 b - a book of Conjurations

   Spells                             Type                      Level
   a - Magic Dart                     Conjuration                  1
   b - Searing Ray                    Conjuration                  2
   c - Dazzling Spray                 Conjuration/Hexes            3
   d - Fulminant Prism                Conjuration/Hexes            4
   e - Force Lance                    Conjuration/Translocation    4
   f - Iskenderun's Mystic Blast      Conjuration                  4
 k - a book of Maledictions

   Spells                             Type                      Level
   a - Corona                         Hexes                        1
   b - Ensorcelled Hibernation        Hexes/Ice                    2
   c - Confuse                        Hexes                        3
   d - Tukima's Dance                 Hexes                        3
   e - Dazzling Spray                 Conjuration/Hexes            3
Comestibles
 g - 2 bread rations
 l - 3 fruits
 u - a royal jelly


   Skills:
 + Level 3.6 Fighting
 + Level 3.6 Short Blades
 + Level 3.6 Long Blades
 + Level 3.6 Axes
 + Level 3.6 Maces & Flails
 + Level 3.6 Polearms
 + Level 3.6 Staves
 + Level 3.6 Slings
 + Level 3.6 Bows
 + Level 3.6 Crossbows
 + Level 3.6 Throwing
 + Level 3.6 Armour
 + Level 5.9 Dodging
 + Level 5.6 Stealth
 + Level 3.6 Shields
 + Level 3.6 Unarmed Combat
 + Level 6.2 Spellcasting
 + Level 7.8 Conjurations
 + Level 3.0 Hexes
 + Level 3.0 Charms
 + Level 3.0 Summonings
 + Level 3.0 Necromancy
 + Level 3.0 Translocations
 + Level 3.0 Transmutations
 + Level 3.0 Fire Magic
 + Level 3.0 Ice Magic
 + Level 3.0 Air Magic
 + Level 3.0 Earth Magic
 + Level 3.0 Poison Magic
 + Level 4.0 Invocations
 + Level 3.6 Evocations


You couldn't memorise any spells.
You knew the following spells:

 Your Spells              Type           Power        Failure   Level  Hunger
a - Searing Ray           Conj           #####.       1%          2    None
e - Force Lance           Conj/Tloc      ####....     11%         4    ####...
q - Magic Dart            Conj           ####         1%          1    None
s - Iskenderun's Mystic   Conj           #####...     4%          4    ####...
w - Dazzling Spray        Conj/Hex       ####..       3%          3    ##.....
x - Tukima's Dance        Hex            ###.....     9%          3    ##.....
z - Ensorcelled Hibernat  Hex/Ice        ###...       4%          2    None


Dungeon Overview and Level Annotations

Branches:
Dungeon (6/15)             Temple (1/1) D:5

Altars:
Ashenzari
Cheibriados
Elyvilon
Fedhas
Hepliaklqana
Kikubaaqudgha
Makhleb
Qazlal
Ru
Sif Muna
Trog
Uskayaw
Vehumet
Wu Jian
Xom
Yredelemnul
Zin
The Shining One

Annotations:
D:6 Pikel


Innate Abilities, Weirdness & Mutations

Your experience applies equally to all skills.
((You have very sharp teeth.))
Your uncanny sense of smell can sniff out nearby items.
((You have sharp toenails.))
You are agile. (Dex +2)


Message History

* * * LOW HITPOINT WARNING * * *
You feel sick.
* * * LOW HITPOINT WARNING * * *
You feel sick.
* * * LOW HITPOINT WARNING * * *
You feel sick.
* * * LOW HITPOINT WARNING * * *
You feel sick.
* * * LOW HITPOINT WARNING * * *
You feel sick.
* * * LOW HITPOINT WARNING * * *
You feel sick.
* * * LOW HITPOINT WARNING * * *
You feel sick.
* * * LOW HITPOINT WARNING * * *
You feel sick.
* * * LOW HITPOINT WARNING * * *
You feel sick.
You flicker for a moment.
You die...

..........###.##.....####........
########### #..#.#...# #........
# ##.#.##.## ######### # #.#.##.#
# ############'#.##.#
###..............##.#
≈≈♣P♣≈P≈♣........##.#####
♣P♣≈♣♣♣≈≈≈≈♣≈....#......#
≈♣P≈P≈≈≈≈♣≈♣♣♣♣.♣.......#
≈≈≈≈P≈≈≈≈≈≈≈≈♣♣≈##......#
≈≈≈≈≈≈≈≈≈≈≈≈≈≈P♣##......#
≈≈≈≈≈≈≈≈≈≈≈P≈≈≈≈P#......#
≈≈≈≈≈≈≈≈≈≈≈≈≈≈≈≈♣≈......#
≈≈≈≈≈≈≈≈≈≈≈P≈≈≈≈≈♣......#
≈≈≈≈≈≈≈≈≈P≈♣≈≈≈≈♣♣......#
≈≈≈≈≈≈≈≈≈≈PP≈≈≈♣≈.......#
≈≈≈≈≈≈≈≈≈≈≈≈≈P≈≈..#######


There were no monsters in sight!

Vanquished Creatures
  A wyvern (D:6)
  Eustachio (D:6)
  A water moccasin (D:6)
  A phantom (D:6)
  4 ogres (D:4)
  3 centaurs
  A bullfrog (D:6)
  A howler monkey (D:4)
  3 crimson imps
  A hound (D:3)
  Ijyb (D:2)
  An iguana (D:5)
  3 worker ants (D:4)
  Robin (D:2)
  9 adders
  5 gnolls
  A shadow imp (D:5)
  3 adder skeletons (D:4)
  4 worms
  A dart slug (D:2)
  5 leopard geckos
  3 orcs
  3 giant cockroaches
  12 hobgoblins
  6 kobolds
  2 quokkas (D:4)
  A ball python (D:4)
  5 bats
  4 frilled lizards
  11 goblins
  2 quokka skeletons
  6 rats
  A plant (D:5)
107 creatures vanquished.

Vanquished Creatures (collateral kills)
  A gnoll (D:6)
  An orc (D:6)
2 creatures vanquished.

Vanquished Creatures (others)
  A dancing weapon (D:6)
1 creature vanquished.

Grand Total: 110 creatures vanquished

Notes
Turn   | Place    | Note
-------+----------+-------------------------------------------
     0 | D:1      | Dysjunc the Gnoll Conjurer began the quest for the Orb.
     0 | D:1      | Reached XP level 1. HP: 13/13 MP: 6/6
   190 | D:1      | Reached XP level 2. HP: 19/19 MP: 7/7
   197 | D:1      | Learned a level 2 spell: Searing Ray
   733 | D:2      | Reached XP level 3. HP: 24/25 MP: 1/9
   738 | D:2      | Learned a level 3 spell: Dazzling Spray
   845 | D:2      | Reached skill level 5 in Spellcasting
  1157 | D:2      | Found a stormy altar of Qazlal.
  1157 | D:2      | Found a bloodstained altar of Trog.
  1157 | D:2      | Found a burning altar of Makhleb.
  1158 | D:2      | Found an ornate altar of the Wu Jian Council.
  1213 | D:2      | Reached skill level 1 in Invocations
  1240 | D:2      | HP: 1/25 [poisoned by an adder]
  1576 | D:2      | Found a sacrificial altar of Ru.
  1583 | D:2      | Reached skill level 1 in Fighting
  1583 | D:2      | Reached skill level 1 in Short Blades
  1583 | D:2      | Reached skill level 1 in Long Blades
  1583 | D:2      | Reached skill level 1 in Axes
  1583 | D:2      | Reached skill level 1 in Maces & Flails
  1583 | D:2      | Reached skill level 1 in Polearms
  1583 | D:2      | Reached skill level 1 in Staves
  1583 | D:2      | Reached skill level 1 in Slings
  1583 | D:2      | Reached skill level 1 in Bows
  1583 | D:2      | Reached skill level 1 in Crossbows
  1583 | D:2      | Reached skill level 1 in Throwing
  1583 | D:2      | Reached skill level 1 in Armour
  1583 | D:2      | Reached skill level 1 in Shields
  1583 | D:2      | Reached skill level 1 in Unarmed Combat
  1583 | D:2      | Reached skill level 1 in Evocations
  1644 | D:2      | Reached XP level 4. HP: 32/32 MP: 3/11
  2273 | D:3      | Noticed Ijyb
  2274 | D:3      | Noticed Robin
  2289 | D:2      | Killed Ijyb
  2289 | D:2      | Reached skill level 1 in Hexes
  2289 | D:2      | Reached skill level 1 in Charms
  2289 | D:2      | Reached skill level 1 in Summonings
  2289 | D:2      | Reached skill level 1 in Necromancy
  2289 | D:2      | Reached skill level 1 in Translocations
  2289 | D:2      | Reached skill level 1 in Transmutations
  2289 | D:2      | Reached skill level 1 in Fire Magic
  2289 | D:2      | Reached skill level 1 in Ice Magic
  2289 | D:2      | Reached skill level 1 in Air Magic
  2289 | D:2      | Reached skill level 1 in Earth Magic
  2289 | D:2      | Reached skill level 1 in Poison Magic
  2297 | D:2      | Learned a level 4 spell: Iskenderun's Mystic Blast
  2591 | D:2      | Killed Robin
  2591 | D:2      | Reached XP level 5. HP: 19/37 MP: 1/12
  3136 | D:3      | Learned a level 4 spell: Force Lance
  3993 | D:4      | Noticed an ogre
  4002 | D:4      | Killed an ogre
  4002 | D:4      | Reached XP level 6. HP: 44/44 MP: 2/14
  4048 | D:4      | Reached skill level 5 in Dodging
  4205 | D:4      | Reached XP level 7. HP: 50/50 MP: 3/15
  4237 | D:4      | Learned a level 2 spell: Ensorcelled Hibernation
  4997 | D:3      | Reached skill level 5 in Stealth
  5575 | D:4      | Gained mutation: You have sharp toenails. [potion of mutation]
  5575 | D:4      | Gained mutation: You are agile. (Dex +2) [potion of mutation]
  5724 | D:5      | Entered Level 5 of the Dungeon
  5767 | D:5      | Reached XP level 8. HP: 57/57 MP: 16/16
  5780 | D:5      | Found a staircase to the Ecumenical Temple.
  5870 | Temple   | Entered the Ecumenical Temple
  6020 | Temple   | Became a worshipper of Sif Muna the Loreminder
  7227 | D:6      | Noticed a wyvern
  7236 | D:6      | Killed a wyvern
  7259 | D:6      | Learned a level 3 spell: Tukima's Dance
  7514 | D:6      | Noticed Eustachio
  7534 | D:6      | Killed Eustachio
  7631 | D:6      | Found a hide-covered altar of Uskayaw.
  7642 | D:6      | Found a shattered altar of Ashenzari.
  7648 | D:6      | Noticed Pikel
  8353 | D:5      | HP: 4/90 [poisoned by a gnoll]
  8359 | D:5      | HP: 2/90 [poisoned by a gnoll]
  8363 | D:5      | Succumbed to a gnoll's poison

Vault maps used:
D:1:      roderic_crossed_star, fountainhead
D:2:      lemuel_round_altar, minitemple
D:3:      uniq_robin, uniq_ijyb
D:4:      portal_sewer_entry_d
D:5:      minmay_temple_entry_overgrown, first_bread, st_stairs_8,
          serial_bayou_lake_a
D:6:      gammafunk_temple_overflow_arena, okawaru_ov_weapons_minmay,
          lemuel_crystal_altar, basic_altar, uniq_sigmund, uniq_pikel,
          uniq_eustachio
Temple:   minmay_temple_curvy_loop

Skill      XL: |  1  2  3  4  5  6  7  8 |
---------------+-------------------------+-----
Spellcasting   | 5 6 |  6.2
Invocations    | 1 2 3 4 |  4.0
Fighting       | 1 2 3 |  3.6
Short Blades   | 1 2 3 |  3.6
Long Blades    | 1 2 3 |  3.6
Axes           | 1 2 3 |  3.6
Maces & Flails | 1 2 3 |  3.6
Polearms       | 1 2 3 |  3.6
Staves         | 1 2 3 |  3.6
Slings         | 1 2 3 |  3.6
Bows           | 1 2 3 |  3.6
Crossbows      | 1 2 3 |  3.6
Throwing       | 1 2 3 |  3.6
Armour         | 1 2 3 |  3.6
Shields        | 1 2 3 |  3.6
Unarmed Combat | 1 2 3 |  3.6
Evocations     | 1 2 3 |  3.6
Hexes          | 1 2 3 |  3.0
Charms         | 1 2 3 |  3.0
Summonings     | 1 2 3 |  3.0
Necromancy     | 1 2 3 |  3.0
Translocations | 1 2 3 |  3.0
Transmutations | 1 2 3 |  3.0
Fire Magic     | 1 2 3 |  3.0
Ice Magic      | 1 2 3 |  3.0
Air Magic      | 1 2 3 |  3.0
Earth Magic    | 1 2 3 |  3.0
Poison Magic   | 1 2 3 |  3.0
Dodging        | 5 |  5.9
Stealth        | 5 |  5.6
Conjurations   | |  7.8

Action                   |  1- 3 |  4- 6 |  7- 9 || total
-------------------------+-------+-------+-------++-------
Melee: Unarmed           |     7 |       |       ||     7
       Dagger            |    41 |   150 |   216 ||   407
       Bite              |     4 |    13 |    22 ||    39
       Punch             |       |     1 |     3 ||     4
       Kick              |       |       |    37 ||    37
Throw: Stone             |       |     1 |       ||     1
 Cast: Magic Dart        |    15 |    14 |    27 ||    56
       Searing Ray       |     3 |     4 |     6 ||    13
       Dazzling Spray    |     4 |     7 |     6 ||    17
       Iskenderun's Myst |       |    14 |    10 ||    24
       Force Lance       |       |     3 |     9 ||    12
       Ensorcelled Hiber |       |       |    20 ||    20
       Tukima's Dance    |       |       |     8 ||     8
  Use: Scroll            |       |     8 |     6 ||    14
       Potion            |       |       |     6 ||     6
 Stab: Sleeping          |    10 |     2 |    11 ||    23
       Invisible         |       |     2 |       ||     2
  Eat: Chunk             |     2 |     7 |    10 ||    19
       Bread ration      |       |     1 |     1 ||     2
       Meat ration       |       |       |     1 ||     1
Armor: Robe              |     7 |    18 |    29 ||    54
Dodge: Dodged            |    46 |   108 |   117 ||   271

Table legend:
 A = Spawn XP
 B = Non-spawn XP
 C = Spawn XP percentage of total XP
 D = Spawn monster count
 E = Non-spawn monster count
 F = Spawn count percentage of total count
 G = Total turns spent on level
                    A         B        C        D         E        F      G
               +---------+---------+-------+---------+---------+-------+---------
         Total |       0 |    2352 |   0.0 |       0 |     108 |   0.0 |  8363
               +---------+---------+-------+---------+---------+-------+---------
           D:1 |       0 |      21 |   0.0 |       0 |      13 |   0.0 |   726
           D:2 |       0 |     153 |   0.0 |       0 |      31 |   0.0 |  1994
           D:3 |       0 |     161 |   0.0 |       0 |      19 |   0.0 |  1552
           D:4 |       0 |     722 |   0.0 |       0 |      22 |   0.0 |  1452
           D:5 |       0 |     399 |   0.0 |       0 |      11 |   0.0 |  1426
           D:6 |       0 |     896 |   0.0 |       0 |      12 |   0.0 |   981
               +---------+---------+-------+---------+---------+-------+---------
